 Dungeon Crawl Stone Soup version 0.20.1-1-g8b1a95d (webtiles) character file.

5 tidbits the Insei (level 1, 0/15 HPs)
             Began as a Demigod Transmuter on Aug 20, 2017.
             Slain by a goblin
             ... wielding a cursed -1 club
              (6 damage)
             ... on level 2 of the Dungeon.
             The game lasted 00:01:05 (155 turns).

tidbits the Insei (Demigod Transmuter)               Turns: 155, Time: 00:01:06

Health: 0/15       AC:  2    Str: 13    XL:     1   Next: 53%
Magic:  4/5        EV: 12    Int: 17    God:
Gold:   52         SH:  0    Dex: 16    Spells: 2/3 levels left

rFire    . . .     SeeInvis .     - Unarmed
rCold    . . .     Gourm    .   (no shield)
rNeg     . . .     Faith    .   b - +0 robe
rPois    .         Spirit   .   (no helmet)
rElec    .         Reflect  .   (no cloak)
rCorr    .         Harm     .   (no gloves)
MR       .....                  (no boots)
Stlth    +.........             (no amulet)
Regen    0.1/turn               (no ring)
MPRegen  0.1/turn               (no ring)

@: appendage
A: horns 2, high mp 1
a: End Transformation


You were on level 2 of the Dungeon.
You were not hungry.
You had grown temporary horns.
You visited 1 branch of the dungeon, and saw 2 of its levels.

You collected 52 gold pieces.

Inventory:

Missiles
 a - 12 arrows
Armour
 b - a +0 robe (worn)
Scrolls
 e - a scroll of identify {unknown}
 f - a scroll of teleportation {unknown}
Books
 c - a book of Changes

   Spells                             Type                      Level
   a - Beastly Appendage              Transmutation                1
   b - Sticks to Snakes               Transmutation                2
   c - Spider Form                    Transmutation/Poison         3
   d - Ice Form                       Ice/Transmutation            4
   e - Blade Hands                    Transmutation                5
Comestibles
 d - a bread ration


   Skills:
 - Level 0.8 Fighting
 - Level 1.7 Dodging
 + Level 3.1 Unarmed Combat
 - Level 1.7 Spellcasting
 - Level 1.7 Transmutations


You had 2 spell levels left.
You knew the following spells:

 Your Spells              Type           Power        Failure   Level  Hunger
e - Beastly Appendage     Tmut           #.....       10%         1    #......


Dungeon Overview and Level Annotations

Branches:
Dungeon (2/15)


Innate Abilities, Weirdness & Mutations

You have an increased reservoir of magic. (+10% MP)
You have a pair of horns on your head.


Message History

Press ? for a list of commands and other information.
Found 9 poisoned needles, a dagger and 14 gold pieces.
Found a staircase leading out of the dungeon.
Found 10 gold pieces.
You now have 14 gold pieces.
You open the door.
There is an open door here.
A kobold comes into view. It is wielding a whip.
The kobold shouts!
Casting: Beastly Appendage
Confirm with . or Enter, or press ? or * to list all spells.
Your feet morph into talons.
You barely miss the kobold. You hit the kobold.
You kill the kobold!
You see here a whip.
Found a robe.
You now have 24 gold pieces (gained 10).
Your transformation is almost over.
Your talons disappear.
A hobgoblin comes into view. It is wielding a club.
The hobgoblin hits you with a club.
Casting: Beastly Appendage
Confirm with . or Enter, or press ? or * to list all spells.
You miscast Beastly Appendage.
You are very lightly contaminated with residual magic.
Your skin tingles.
The hobgoblin misses you.
Casting: Beastly Appendage
Confirm with . or Enter, or press ? or * to list all spells.
Your feet morph into talons.
The hobgoblin hits you with a club.
You hit the hobgoblin.
The hobgoblin is heavily wounded.
The hobgoblin hits you with a club!
* * * LOW HITPOINT WARNING * * *
You hit the hobgoblin.
You kill the hobgoblin!
You see here a club.
You open the door.
There is an open door here.
Your transformation is almost over.
Found 17 gold pieces.
Found 11 gold pieces.
You now have 41 gold pieces (gained 17).
Found a stone staircase leading down.
Your talons disappear.
Your magical contamination has completely faded away.
Found 19 bolts.
A rat comes into view.
You see here 11 gold pieces.
You see here 11 gold pieces.
You now have 52 gold pieces (gained 11).
Casting: Beastly Appendage
Confirm with . or Enter, or press ? or * to list all spells.
Your feet morph into talons.
You hit the rat.
You kill the rat!
Your transformation is almost over.
Found 16 stones.
There is a stone staircase leading down here.
You climb downwards.
There is a stone staircase leading up here.
Magic restored.
Your talons disappear.
Found a scroll labeled TASOAKLOEMU.
Found a stone staircase leading down.
Found a scroll labeled GYNWOY SUFO.
e - a scroll labeled TASOAKLOEMU
Found a hunting sling.
Found an escape hatch in the floor.
Found a stone staircase leading up.
A quokka comes into view.
You see here a scroll labeled GYNWOY SUFO.
f - a scroll labeled GYNWOY SUFO The quokka twitches its whiskers.
Casting: Beastly Appendage
Confirm with . or Enter, or press ? or * to list all spells.
You grow a pair of large bovine horns.
You hit the quokka.
The quokka is almost dead.
The quokka barely misses you.
You barely miss the quokka.
The quokka is severely wounded.
The quokka barely misses you.
You hit the quokka but do no damage. Your headbutt misses the quokka.
The quokka is severely wounded.
The quokka misses you.
You hit the quokka.
You kill the quokka!
Your Unarmed Combat skill increases to level 3!
Your transformation is almost over.
Found 13 gold pieces.
A rat comes into view.
A goblin comes into view. It is wielding a club.
Casting: Beastly Appendage
Confirm with . or Enter, or press ? or * to list all spells.
You extend your transformation's duration.
You hit the rat.
You kill the rat!
You see here a rat corpse.
You completely miss the goblin. Your headbutt misses the goblin.
The goblin hits you with a club.
You die...

#.#.# #######.#.#
..#.....#.#
#.#.#####.########
#.#.#.............
#.#.#.###.#......#
# #.#..........#.$
#.#..#.####.#..#
###.##.#....#.#†@#
.........>..#.#g.#
###.#..#.........#
# #..#....#.....
#..#....#...###
#....#..#.###
#..#.#..#.
#.##.#..## #.
#.#r.#


You could see a goblin.

Vanquished Creatures
  A hobgoblin (D:1)
  A kobold (D:1)
  A quokka (D:2)
  2 rats
5 creatures vanquished.

Notes
Turn   | Place    | Note
-------+----------+-------------------------------------------
     0 | D:1      | tidbits the Demigod Transmuter began the quest for the Orb.
     0 | D:1      | Reached XP level 1. HP: 15/15 MP: 5/5
   139 | D:2      | Reached skill level 3 in Unarmed Combat
   155 | D:2      | Slain by a goblin

Skill      XL: |  1 |
---------------+----+-----
Unarmed Combat | 3 |  3.1
Fighting       | |  0.8
Dodging        | |  1.7
Spellcasting   | |  1.7
Transmutations | |  1.7

Action                   || total
-------------------------++-------
Melee: Unarmed           ||    11
 Cast: Beastly Appendage ||     5
Dodge: Dodged            ||     4

Table legend:
 A = Turns spent in this place as a percentage of turns spent in the entire game.
 B = Non-inter-level travel turns spent in this place as a percentage of non-inter-level travel turns spent in the entire game.
 C = Inter-level travel turns spent in this place as a percentage of turns spent in this place.
 D = Turns resting spent in this place as a percentage of non-inter-level travel turns spent in this place.
 E = Turns spent auto-exploring this place as a percentage of non-inter-level travel turns spent in this place.
 F = Non-inter-level travel turns spent in this place divided by the number of levels of this place that you've seen.
                   A       B       C       D       E      F
               +-------+-------+-------+-------+-------+----------------------
         Total | 100.0 | 100.0 |   0.0 |   0.0 |   0.0 |  71.5
       Dungeon | 100.0 | 100.0 |   0.0 |   0.0 |   0.0 |  71.5
               +-------+-------+-------+-------+-------+----------------------

Table legend:
 A = Kills in this place as a percentage of kills in entire the game.
 B = Kills by you in this place as a percentage of kills by you in the entire game.
 C = Kills by friends in this place as a percentage of kills by friends in the entire game.
 D = Other kills in this place as a percentage of other kills in the entire game.
 E = Experience gained in this place as a percentage of experience gained in the entire game.
 F = Experience gained in this place divided by the number of levels of this place that you have seen.
                   A       B       C       D       E      F
               +-------+-------+-------+-------+-------+----------------------
         Total | 100.0 | 100.0 |  -nan |  -nan | 100.0 |   4.0
       Dungeon | 100.0 | 100.0 |  -nan |  -nan | 100.0 |   4.0
               +-------+-------+-------+-------+-------+----------------------

Vault maps used:
D:1:      minmay_arrival_four_loops, minmay_door_square
